 Dungeon Crawl Stone Soup version 0.30.1-11-g7821555f0a (webtiles) character file.

Game seed: 15694791762968877937

91 caec the Insei (level 4, -3/32 (35) HPs)
             Began as a Draconian Transmuter on Dec 19, 2023.
             Slain by a wight
             ... wielding a +4 battleaxe
              (17 damage)
             ... on level 4 of the Dungeon.
             The game lasted 00:06:52 (3060 turns).

caec the Insei (Draconian Transmuter)               Turns: 3060, Time: 00:06:52

HP:   -3/32 (35)    AC:  5    Str: 19    XL:     4   Next: 34%
MP:   4/7           EV: 12    Int: 13    God:
Gold: 220           SH:  0    Dex: 13    Spells: 2/8 levels left

rFire   . .          .
                       - Unarmed
rCold   . . .        (no shield)
rNeg    . . .        (body armour unavailable)
rPois   +            (helmet restricted)
rElec   .            (no cloak)
rCorr   .            (no gloves)
SInv    .            (no boots)
Will    .....        (no amulet)
Stlth   +            k - ring of poison resistance
HPRegen 0.25/turn    q - +6 ring of strength
MPRegen 0.10/turn

%: no passive effects
@: slowed, drained, very slow
A: AC +5, unfitting armour, cold-blooded
a: no special abilities


You were on level 4 of the Dungeon.
You visited 1 branch of the dungeon, and saw 4 of its levels.

You collected 220 gold pieces.

Inventory:

Jewellery
 k - a ring of poison resistance (left hand)
 q - a +6 ring of strength (right hand)
Wands
 m - a wand of flame (18)
Scrolls
 b - a scroll of butterflies
 f - a scroll of poison {unknown}
 g - a scroll of immolation {unknown}
 i - 2 scrolls of magic mapping
 l - a scroll of amnesia {unknown}
 n - a scroll of fog
 o - a scroll of teleportation {unknown}
 p - a scroll of enchant weapon {unknown}
Potions
 a - 2 potions of lignification
 c - a potion of berserk rage {unknown}
 e - a potion of resistance
 h - a potion of heal wounds {unknown}
 j - a potion of might


   Skills:
 + Level 1.1 Fighting
 + Level 2.1 Dodging
 + Level 0.5 Stealth
 + Level 3.9 Unarmed Combat
 + Level 2.6 Spellcasting
 * Level 2.9 Transmutations


You had 2 spell levels left.
You knew the following spells:

 Your Spells              Type           Power      Damage    Failure   Level
a - Beastly Appendage     Tmut           18%        N/A       8%          1
b - Wereblood             Tmut           9%         N/A       11%         2
c - Spider Form           Tmut/Pois      5%         N/A       36%         3

Your spell library contained the following spells:

 Spells                   Type           Power      Damage    Failure   Level
 Poisonous Vapours        Pois/Air       2%         N/A       36%         2
 Mephitic Cloud           Conj/Pois/Air  1%         N/A       58%         3
 Ice Form                 Ice/Tmut       5%         N/A       78%         4
 Summon Ice Beast         Ice/Summ       1%         N/A       94%         4
 Freezing Cloud           Conj/Ice/Air   0%         6-21      100%        5
 Summon Mana Viper        Hex/Summ       1%         N/A       100%        5
 Monstrous Menagerie      Summ           0%         N/A       100%        7


Dungeon Overview and Level Annotations

Branches:
Dungeon (4/15)
 Temple: D:4-7

Altars:

Annotations:
D:2 Sigmund


Innate Abilities, Weirdness & Mutations

Your plain brown scales are hard. (AC +5)
You cannot fit into any form of body armour.
You are cold-blooded and may be slowed by cold attacks.


Message History

You closely miss the adder. Your kick misses the adder.
Your headbutt misses the adder.
Your tail-slap misses the adder.
The adder is almost dead.
The adder barely misses you.
You hit the adder.
You feel a bit better.
You kill the adder!
You closely miss the goblin. The goblin closely misses you.
You hit the goblin. You claw the goblin.
You feel a bit better.
You kill the goblin!
You howl as the wereblood boils in your veins!
There is a stone staircase leading up here.
You howl as the wereblood boils in your veins!
HP restored.
You climb upwards.
Your magical contamination has completely faded away.
There is a stone staircase leading down here.
You howl as the wereblood boils in your veins!
Your transformation is almost over.
Your primal bloodlust is almost over.
You howl as the wereblood boils in your veins!
Your horns disappear.
Your talons disappear.
Your primal bloodlust has ended.
Things that are here:
a potion of degeneration; 2 scrolls of noise
There is a stone staircase leading down here.
You climb downwards.
You hear the sound of rushing water.
There is an entrance to a sewer on this level.
Hurry and find it before the portal rusts away!
You hear the slow rusting of a very distant drain.
The jelly quivers.
The wight hits you with a +3 spear of freezing.
You feel drained.
You feel yourself slow down. The wight freezes you.
The wight hits you with a +4 dagger!
You feel drained. The wight barely misses you. The wight closely misses you.
Found 6 boomerangs.
There is a stone staircase leading up here.
The wight hits you with a +3 battleaxe! The wight closely misses you.
The wight hits you with a +4 battleaxe!
Ouch! That really hurt!
You die...

#.#######.#
#..J@z...#
......zzz..##
..........##
#.########.#
# #(# #.# #.#
##


You could see a jelly and 4 wights.

Vanquished Creatures
  2 adders
  An orc (D:3)
  6 endoplasms
  6 giant cockroaches
  9 goblins
  6 hobgoblins
  2 jackals (D:1)
  7 quokkas
  7 ball pythons
  3 bats (D:2)
  2 frilled lizards
  6 kobolds
  6 rats
63 creatures vanquished.

Vanquished Creatures (others)
  An orc (D:3)
  A rat (D:3)
2 creatures vanquished.

Grand Total: 65 creatures vanquished

Notes
Turn   | Place    | Note
-------+----------+-------------------------------------------
     0 | D:1      | caec the Draconian Transmuter began the quest for the Orb.
     0 | D:1      | Reached XP level 1. HP: 16/16 MP: 3/3
   303 | D:1      | Reached XP level 2. HP: 23/23 MP: 3/5
   306 | D:1      | Learned a level 2 spell: Wereblood
   854 | D:1      | Found a faded altar of an unknown god.
   964 | D:1      | Reached XP level 3. HP: 28/28 MP: 2/6
  1195 | D:2      | Learned a level 3 spell: Spider Form
  1209 | D:2      | Noticed Sigmund
  2292 | D:3      | Reached XP level 4. HP: 35/35 MP: 5/7
  3013 | D:4      | Noticed a lemure
  3060 | D:4      | Slain by a wight

Illustrated notes

Levels and vault maps discovered:
D:1:      psy_arrival_heroes, layout_basic,
          shapermc_ecumenical_altar_flowoftime, grunt_decor_clamped
D:2:      layout_basic, uniq_sigmund
D:3:      layout_loops_cross, lemuel_flame_loot_1
D:4:      layout_loops_ring, minitemple, gammafunk_ghost_mausoleum,
          portal_sewer_entry_e, uniq_pikel, uniq_crazy_yiuf_cottage

Skill      XL: |  1  2 |
---------------+-------+-----
Dodging        | 2 |  2.1
Fighting       | |  1.1
Stealth        | |  0.5
Unarmed Combat | |  3.9
Spellcasting   | |  2.6
Transmutations | |  2.9

Action                     |  1- 3 |  4- 6 || total
---------------------------+-------+-------++-------
  Melee: Unarmed           |   124 |    27 ||   151
         Kick              |     7 |     5 ||    12
         Headbutt          |    11 |     2 ||    13
         Punch             |     4 |     2 ||     6
         Tailslap          |    12 |     2 ||    14
   Cast: Beastly Appendage |    29 |     6 ||    35
         Wereblood         |     8 |     4 ||    12
    Use: Scroll            |     3 |     4 ||     7
   Stab: Sleeping          |     1 |     1 ||     2
 Armour: Skin              |    36 |     9 ||    45
  Dodge: Dodged            |    62 |    19 ||    81
